 Dungeon Crawl Stone Soup version 0.32-a0-314-g526f7d4993 (webtiles) character file.

Game seed: 2678904775853267760

364 Newt the Cudgeller (level 6, -6/40 HPs)
             Began as a Gargoyle Monk on Feb 15, 2024.
             Was a Believer of the Shining One.
             Mangled by an ogre
             ... wielding a +0 giant spiked club
              (28 damage)
             ... on level 3 of the Dungeon.
             The game lasted 00:02:31 (2490 turns).

Newt the Cudgeller (Gargoyle Monk)                  Turns: 2490, Time: 00:02:32

Health: -6/40      AC:  6    Str: 16    XL:     6   Next: 67%
Magic:  6/6        EV: 12    Int: 11    God:    the Shining One [**....]
Gold:   190        SH:  0    Dex: 12    Spells: 2/5 levels left

rFire   . . .        k - +2 whip (freeze)
rCold   . . .        d - orb {light}
rNeg    + + .        b - +0 robe
rPois   ∞            (no helmet)
rElec   +            (no cloak)
rCorr   .            (no gloves)
SInv    .            (no boots)
Will    .....        (no amulet)
Stlth   +            (no ring)
HPRegen 0.26/turn    (no ring)
MPRegen 0.10/turn

%: no passive effects
@: glowing
A: sickness immunity, AC +4, negative energy resistance 1, electricity
resistance, torment resistance 1, petrification resistance
a: Renounce Religion, Divine Shield


You were on level 3 of the Dungeon.
You worshipped the Shining One.
The Shining One was pleased with you.
You visited 1 branch of the dungeon, and saw 3 of its levels.

You collected 190 gold pieces.

Inventory:

Hand Weapons
 a - a +0 mace
 k - a +2 whip of freezing (weapon)
Missiles
 h - 10 boomerangs (quivered)
 i - 4 poisoned darts
Armour
 b - a +0 robe (worn)
 d - an orb of light (worn)
Wands
 j - a wand of flame (2)
Scrolls
 c - a scroll of fog {unknown}
 g - a scroll of identify {unknown}
 l - a scroll of fear {unknown}
 m - 2 scrolls of teleportation
 n - a scroll of revelation {unknown}
 o - a scroll of butterflies {unknown}
Potions
 e - 2 potions of heal wounds {unknown}
 f - a potion of lignification {unknown}
 p - a potion of haste {unknown}


   Skills:
 + Level 5.3 Fighting
 * Level 6.2 Maces & Flails
 - Level 2.4 Dodging


You had 2 spell levels left.
You knew the following spells:

 Your Spells              Type           Power      Damage    Failure   Level
a - Passwall              Erth           0%         N/A       71%         3

Your spell library contained the following spells:

 Spells                   Type           Power      Damage    Failure   Level
 Magic Dart               Conj           0%         1d3       34%         1
 Sandblast                Erth           0%         2d4       34%         1
 Blink                    Tloc           0%         N/A       47%         2
 Call Imp                 Summ           0%         N/A       47%         2
 Stone Arrow              Conj/Erth      0%         3d7       71%         3
 Brom's Barrelling Bould  Conj/Erth      0%         2d3       98%         4


Dungeon Overview and Level Annotations

Branches:
Dungeon (3/15)

Altars:
The Shining One


Innate Abilities, Weirdness & Mutations

You are immune to sickness and miasma.
Your stone body is resilient. (AC +4)
You are immune to poison.
You resist negative energy. (rN+)
You are resistant to electric shocks. (rElec)
You are resistant to unholy torment.
You are immune to petrification.


Message History

No target in view!
No target in view!
No target in view!
No target in view!
You now have 190 gold pieces (gained 14).
You see here a +0 war axe.
Found a stone staircase leading up.
An ogre comes into view. It is wielding a +0 giant spiked club.
A rat comes into view.
The rat squeaks loudly.
The ogre hits you with a +0 giant spiked club!!
Ouch! That really hurt!
There is an open door here.
You are too injured to fight recklessly!
You are too injured to fight recklessly!
You are too injured to fight recklessly!
You are too injured to fight recklessly!
You are too injured to fight recklessly!
Unknown command.
You are too injured to fight recklessly!
Okay, then.
There is a stone staircase leading up here.
You climb upwards.
There is a stone staircase leading down here.
You start resting.
HP restored.
You climb downwards.
The ogre hits you with a +0 giant spiked club!!
There is a stone staircase leading up here.
Unknown command.
You hit the ogre. You freeze the ogre.
The ogre is lightly wounded.
The ogre barely misses you.
You hit the ogre. You freeze the ogre.
The ogre is heavily wounded.
You hit the ogre. You freeze the ogre.
The ogre is heavily wounded.
The ogre hits you with a +0 giant spiked club!!
Ouch! That really hurt!
You die...

##..# #.......# ##.#
#.....# #.# #...# ##
#.# #'# #.# ##.# #.#
#.# #..# #####.##.#
#.## #.......##
###.#####.##..r#.##
#.......#.#...@...#
#.#.###.#.##.O..##.#
#.#.###)#.###.#.# ..
# #.......# ###.# #
#####.### .# ...# .#
##### .. ##


You could see an ogre and a rat.

Vanquished Creatures
  A bullfrog (D:1)
  An orc priest (D:3)
  4 orc wizards
  4 adders
  3 dart slugs
  12 orcs
  2 endoplasms (D:2)
  3 giant cockroaches
  4 goblins
  9 hobgoblins
  6 jackals
  4 kobolds
  2 quokkas (D:1)
  3 ball pythons
  7 bats
  7 frilled lizards
  4 rats
76 creatures vanquished.

Notes
Turn   | Place    | Note
-------+----------+-------------------------------------------
     0 | D:1      | Newt the Gargoyle Monk began the quest for the Orb.
     0 | D:1      | Reached XP level 1. HP: 14/14 MP: 1/1
     9 | D:1      | Noticed a bullfrog
    49 | D:1      | Reached XP level 2. HP: 19/19 MP: 2/2
   300 | D:1      | Reached XP level 3. HP: 23/24 MP: 3/3
   596 | D:1      | Reached skill level 4 in Maces & Flails
   957 | D:2      | Reached XP level 4. HP: 8/29 MP: 4/4
  1288 | D:2      | Found a faded altar of an unknown god.
  1375 | D:2      | Reached XP level 5. HP: 23/34 MP: 5/5
  1591 | D:2      | Reached skill level 5 in Maces & Flails
  1837 | D:1      | Learned a level 3 spell: Passwall
  1969 | D:3      | Reached XP level 6. HP: 37/40 MP: 6/6
  2008 | D:3      | Found a glowing golden altar of the Shining One.
  2027 | D:3      | Reached skill level 5 in Fighting
  2042 | D:3      | Became a worshipper of the Shining One
  2042 | D:3      | Reached * piety under the Shining One
  2042 | D:3      | Reached ** piety under the Shining One
  2317 | D:3      | Reached skill level 6 in Maces & Flails
  2490 | D:3      | Mangled by an ogre

Illustrated notes

Levels and vault maps discovered:
D:1:      evilmike_arrival_come_back, layout_basic
D:2:      layout_loops_ring, shapermc_ecumenical_altar_notcrosses
D:3:      layout_loops_corners, lemuel_crystal_altar, lightli_temple_of_fire,
          minitemple

Skill      XL: |  1  2  3  4  5  6 |
---------------+-------------------+-----
Maces & Flails | 4 5 6 |  6.2
Fighting       | 4 5 |  5.3
Dodging        | |  2.4

Action                     |  1- 3 |  4- 6 || total
---------------------------+-------+-------++-------
  Melee: Mace              |    76 |    18 ||    94
         Whip              |       |   126 ||   126
   Cast: Passwall          |       |     1 ||     1
    Use: Potion            |       |     1 ||     1
         Scroll            |       |     1 ||     1
 Armour: Robe              |    49 |    71 ||   120
  Dodge: Dodged            |    67 |    70 ||   137

Table legend: (Time is in decaauts)
 A = Elapsed time spent in this place.
 B = Non-inter-level travel time spent in this place.
 C = Inter-level travel time spent in this place.
 D = Time resting spent in this place.
 E = Time spent auto-exploring this place.
 F = Levels seen in this place.
 G = Mean time per level.
                   A        B        C        D        E       F      G
               +--------+--------+--------+--------+--------+-----+--------+
         Total |   2489 |   2312 |    177 |     72 |   1780 |   3 |  829.7 |
       Dungeon |   2489 |   2312 |    177 |     72 |   1780 |   3 |  829.7 |
               +--------+--------+--------+--------+--------+-----+--------+

Top non-repeatable levels by time:
     D:2: 1042 daAuts
     D:1: 960 daAuts
     D:3: 485 daAuts
